 Dungeon Crawl Stone Soup version 0.26-a0-412-ga3d1f51b80 (webtiles) character file.

Game seed: 15871125540617747637

73 KristoblXynda the Slasher (level 4, -3/38 HPs)
             Began as a Draconian Gladiator on July 24, 2020.
             Slain by a gnoll (5 damage)
             ... on level 2 of the Dungeon.
             The game lasted 00:02:15 (2047 turns).

KristoblXynda the Slasher (Draconian Gladiator)     Turns: 2047, Time: 00:02:16

Health: -3/38      AC:  6    Str: 17    XL:     4   Next: 8%
Magic:  13/13      EV: 14    Int:  9    God:
Gold:   69         SH:  0    Dex: 18    Spells: 3/3 levels left

rFire    + . .     SeeInvis .   a - +0 long sword
rCold    + . .     Faith    .   (no shield)
rNeg     . . .     Spirit   .   (armour unavailable)
rPois    +         Reflect  .   b - +0 hat
rElec    +         Harm     .   (no cloak)
rCorr    +                      (no gloves)
MR       .....                  f - +0 pair of boots
Stlth    ++........             h - amulet of magic regeneration
HPRegen  0.12/turn              d - ring of magical power
MPRegen  0.38/turn              l - +6 ring of dexterity

@: brilliant, resistant
A: unfitting armour, cold-blooded, AC +5
a: no special abilities


You were on level 2 of the Dungeon.
You visited 1 branch of the dungeon, and saw 2 of its levels.

You collected 69 gold pieces.

Inventory:

Hand Weapons
 a - a +0 long sword (weapon)
Missiles
 c - 3 throwing nets (quivered)
Armour
 b - a +0 hat (worn)
 f - a +0 pair of boots (worn)
Jewellery
 d - a ring of magical power (left hand)
 h - an amulet of magic regeneration (around neck)
 l - a +6 ring of dexterity (right hand)
Scrolls
 g - 3 scrolls of identify {unknown}
 i - 2 scrolls of remove curse {unknown}
 j - a scroll of amnesia {unknown}
 p - a scroll of blinking {unknown}
Potions
 m - a potion of haste {unknown}
 n - a potion of flight {unknown}


   Skills:
 + Level 3.2 Fighting
 + Level 3.7 Long Blades
 - Level 2.0 Throwing
 + Level 3.4 Dodging


You had 3 spell levels left.
You didn't know any spells.
Your spell library was empty.

Dungeon Overview and Level Annotations

Branches:
Dungeon (2/15)

Altars:


Innate Abilities, Weirdness & Mutations

Your plain brown scales are hard. (AC +5)
You cannot fit into any form of body armour.
You are cold-blooded and may be slowed by cold attacks.


Message History

The gnoll completely misses you.
You riposte.
You hit the gnoll but do no damage. The gnoll hits you with a +0 spear.
* * * LOW HITPOINT WARNING * * *
The gnoll closely misses you.
You riposte.
You closely miss the gnoll. You hit the gnoll but do no damage.
The gnoll is severely wounded.
The gnoll hits you with a +0 spear.
* * * LOW HITPOINT WARNING * * *
The gnoll hits you.
* * * LOW HITPOINT WARNING * * *
The gnoll barely misses you.
It was a potion of resistance.
You feel protected. The gnoll misses you. The gnoll hits you with a +0 spear.
* * * LOW HITPOINT WARNING * * *
Unknown command.
It was a potion of brilliance.
You feel clever all of a sudden. The gnoll hits you.
You die...

########................
....>.....g.g....s.....g
######....####.........
#.#.## ##.......# #.###
##.....##
#.##########...##
#.........###'##
#g#######.# #.# #@#####
#.# #.# #.g...#
#.###.#### #.###.#
#.##...... #.# #.#
#.#..(..##
#.###.###.##....## ##
#................. .#
#############.#.## .#
#.#.# .# #.#.#


You could see 2 gnolls.

Vanquished Creatures
  3 adders (D:2)
  An ooze (D:2)
  2 worms (D:2)
  2 leopard geckos
  2 giant cockroaches (D:2)
  4 goblins
  2 hobgoblins (D:2)
  3 jackals (D:2)
  7 kobolds
  4 bats (D:1)
  2 frilled lizards
  7 rats
39 creatures vanquished.

Notes
Turn   | Place    | Note
-------+----------+-------------------------------------------
     0 | D:1      | KristoblXynda the Draconian Gladiator began the quest for
                  | the Orb.
     0 | D:1      | Reached XP level 1. HP: 17/17 MP: 1/1
   422 | D:1      | Reached XP level 2. HP: 25/25 MP: 2/2
  1327 | D:2      | Reached XP level 3. HP: 16/30 MP: 3/3
  2036 | D:2      | Reached XP level 4. HP: 23/38 MP: 4/4
  2047 | D:2      | Slain by a gnoll

Illustrated notes

Levels and vault maps discovered:
D:1:      dpeg_arrival_rhombus, layout_basic
D:2:      layout_loops_corners, uniq_crazy_yiuf_cottage

Skill      XL: |  1  2  3 |
---------------+----------+-----
Throwing       | 2 |  2.0
Dodging        | 3 |  3.4
Fighting       | 3 |  3.2
Long Blades    | |  3.7

Action                   |  1- 3 |  4- 6 || total
-------------------------+-------+-------++-------
Melee: Long sword        |   104 |     5 ||   109
       Tailslap          |    14 |       ||    14
  Use: Potion            |       |     3 ||     3
 Stab: Sleeping          |     4 |       ||     4
Armor: Skin              |    41 |     1 ||    42
Dodge: Dodged            |    90 |     9 ||    99
       Rpst.: Long sword |    29 |     3 ||    32

Table legend: (Time is in decaauts)
 A = Elapsed time spent in this place.
 B = Non-inter-level travel time spent in this place.
 C = Inter-level travel time spent in this place.
 D = Time resting spent in this place.
 E = Time spent auto-exploring this place.
 F = Levels seen in this place.
 G = Mean time per level.
                   A        B        C        D        E       F      G
               +--------+--------+--------+--------+--------+-----+--------+
         Total |   2072 |   2005 |     67 |    431 |   1166 |   2 | 1036.0 |
       Dungeon |   2072 |   2005 |     67 |    431 |   1166 |   2 | 1036.0 |
               +--------+--------+--------+--------+--------+-----+--------+

Top non-repeatable levels by time:
     D:1: 1113 daAuts
     D:2: 958 daAuts
